 Dungeon Crawl Stone Soup version 0.31.0-32-g396128a36d (webtiles) character file.

Game seed: 8657716432512892529

1735 safid the Grappler (level 8, -2/62 (63) HPs)
             Began as a Red Draconian Shapeshifter on Mar 28, 2024.
             Was an Initiate of Ru.
             Slain by an unseen horror (6 damage)
             ... on level 6 of the Dungeon.
             The game lasted 00:09:52 (5374 turns).

safid the Grappler (Red Draconian Shapeshifter)     Turns: 5374, Time: 00:09:53

HP:   -2/62 (63)    AC:  6    Str: 19    XL:     8   Next: 76%
MP:   7/7           EV: 12    Int: 10    God:    Ru [......]
Gold: 114           SH:  0    Dex: 11    Spells: 7/7 levels left

rFire   + +          +
                       - Unarmed
rCold   . . .        (no shield)
rNeg    . . .        (body armour unavailable)
rPois   .            (helmet currently unavailable)
rElec   +            (cloak currently unavailable)
rCorr   +            (gloves currently unavailable)
SInv    .            (boots currently unavailable)
Will    .....        (no amulet) Stlth
                     o - +4 ring of slaying
HPRegen 0.30/turn    l - ring of Sijetig {Fly rElec rF++ rCorr Stlth-}
MPRegen 0.10/turn

%: no passive effects
@: about to teleport, beast-form, flying, lightly drained
A: beast (slay +3), breathe fire, AC +6, unfitting armour, fire resistance 1,
low MP 1, cold-blooded
a: Breathe Fire, Begin Untransformation, Renounce Religion


You were on level 6 of the Dungeon.
You worshipped Ru.
Ru was noncommittal.
You were a hulking beast.
You visited 2 branches of the dungeon, and saw 7 of its levels.

You collected 327 gold pieces.
You spent 213 gold pieces at shops.

Inventory:

Jewellery
 l - the ring of Sijetig (right hand) {Fly rElec rF++ rCorr Stlth-}
   (You found it on level 6 of the Dungeon)

   [ring of flight]

   rF++:      It greatly protects you from fire.
   rElec:     It insulates you from electricity.
   Fly:       It grants you flight.
   rCorr:     It protects you from acid and corrosion.
   Stlth-:    It makes you less stealthy.
 o - a +4 ring of slaying (left hand)
Talismans
 b - a beast talisman
 c - a flux talisman
Wands
 h - a wand of iceblast (2)
 p - a wand of charming (9)
 y - a wand of acid (15)
Scrolls
 g - a scroll of enchant weapon {unknown}
 i - a scroll of identify
 j - a scroll of revelation {unknown}
 k - a scroll of enchant armour {unknown}
 m - a scroll of torment {unknown}
 q - a scroll of amnesia {unknown}
 r - 2 scrolls of fog
 s - a scroll of fear {unknown}
 v - a scroll of blinking {unknown}
 w - a scroll of acquirement {unknown}
 A - a scroll of silence {unknown}
Potions
 a - a potion of lignification
 e - a potion of mutation {unknown}
 f - 5 potions of curing
 n - a potion of brilliance {unknown}
 t - a potion of enlightenment {unknown}
 u - a potion of might {unknown}
 x - a potion of attraction {unknown}


   Skills:
 + Level 3.5 Fighting
 - Level 2.0 Dodging
 + Level 9.4 Unarmed Combat
 * Level 6.3 Shapeshifting


You had 7 spell levels left.
You didn't know any spells.
Your spell library contained the following spells:

 Spells                   Type           Power      Damage    Failure   Level
 Necrotise                Necr           0%         1d4       36%         1
 Call Imp                 Summ           0%         N/A       50%         2
 Static Discharge         Conj/Air       0%         3-3/arc   50%         2
 Sublimation of Blood     Necr           0%         N/A       50%         2
 Tukima's Dance           Hex            0%         N/A       75%         3
 Vampiric Draining        Necr           0%         2d6       75%         3
 Volatile Blastmotes      Fire/Tloc      0%         2d10      75%         3
 Airstrike                Air            0%         2d(0-16)  98%         4
 Anguish                  Hex/Necr       0%         N/A       98%         4
 Cause Fear               Hex            0%         N/A       98%         4
 Martyr's Knell           Necr/Summ      0%         N/A       98%         4
 Passage of Golubria      Tloc           0%         N/A       98%         4
 Sticky Flame             Fire/Alch      0%         2d4       98%         4
 Summon Lightning Spire   Summ/Air       0%         N/A       98%         4
 Vhi's Electric Charge    Tloc/Air       0%         N/A       98%         4
 Arcjolt                  Conj/Air       0%         1d10      100%        5
 Curse of Agony           Necr           0%         N/A       100%        5
 Lee's Rapid Deconstruct  Erth           0%         3d4*      100%        5
 Yara's Violent Unravell  Hex/Alch       0%         3d3       100%        5
 Enfeeble                 Hex            0%         N/A       100%        7
 Summon Hydra             Summ           0%         N/A       100%        7
 Maxwell's Capacitive Co  Air            0%         ∞         100%        8


Dungeon Overview and Level Annotations

Branches:
Dungeon (6/15)             Temple (1/1) D:5

Altars:
Ashenzari
Dithmenos
Elyvilon
Fedhas
Gozag
Makhleb
Nemelex Xobeh
Okawaru
Qazlal
Ru
Sif Muna
Uskayaw
Vehumet
Wu Jian
The Shining One

Shops:
D:3 *[=!!


Innate Abilities, Weirdness & Mutations

You are a hulking beast.
Your limbs bulge with bestial killing power. (Slay +3)
You can breathe blasts of fire.
Your fiery red scales are hard. (AC +6)
You cannot fit into any form of body armour.
Your flesh is heat resistant. (rF+)
Your magical capacity is low. (-10% MP)
You are cold-blooded and may be slowed by cold attacks.


Message History

Unknown command.
You punch the boulder beetle!
The boulder beetle is moderately wounded.
Something hits you. Something hits you but does no damage.
The boulder beetle bites you.
Unknown command.
You hit the boulder beetle but do no damage.
You tail-slap the boulder beetle.
The boulder beetle is moderately wounded.
Something hits you but does no damage. Something hits you!
* * * LOW HITPOINT WARNING * * *
Unknown command.
You feel much better.
The boulder beetle completely misses you.
Unknown command.
Unknown command.
You hit the boulder beetle but do no damage.
The boulder beetle is moderately wounded.
Something hits you.
The boulder beetle waves its antennae.
The boulder beetle bites you!
You hit the boulder beetle but do no damage.
The boulder beetle is moderately wounded.
Something hits you but does no damage. The boulder beetle bites you!
* * * LOW HITPOINT WARNING * * *
Unknown command.
You feel much better. Something hits you. The boulder beetle bites you!
Unknown command.
Unknown command.
You hit the boulder beetle.
The boulder beetle is moderately wounded.
Something hits you but does no damage. The boulder beetle bites you!
You hit the boulder beetle but do no damage.
The boulder beetle is moderately wounded.
Something barely misses you. The boulder beetle bites you!
* * * LOW HITPOINT WARNING * * *
Unknown command.
As you read the scroll of teleportation, it crumbles to dust.
You feel strangely unstable. Something hits you.
You die...

################## ###
.....#.....#.....# #.#
.....#.....#.....# #.#
..#..#..#..#..#..# #.#
..#..#..#..#..#.h###+#.#
))#.....#.....#..B...#.#########
..#.....#.....#......#.........#
..####################.........#
...............................##
........................###'#####
..####################..........#
..#.....#.....# #..........#
..#.....#.....# #...........


You could see a boulder beetle.

Vanquished Creatures
  Menkaure (D:5)
  2 water moccasins
  2 ice beasts (D:6)
  2 black bears
  2 ogres
  A centaur (D:6)
  2 scorpions
  A wight (D:6)
  A howler monkey (D:5)
  2 bombardier beetles (D:5)
  2 hounds
  2 orc priests (D:5)
  A jelly (D:5)
  2 iguanas
  3 orc wizards (D:5)
  3 gnolls (D:4)
  6 adders
  2 white imps (D:6)
  5 ufetubi
  4 dart slugs
  2 ribbon worms
  14 orcs
  4 ball pythons
  9 endoplasms
  5 giant cockroaches
  6 goblins
  10 hobgoblins
  9 jackals
  3 kobolds
  5 quokkas
  4 bats
  9 frilled lizards
  3 rats
129 creatures vanquished.

Notes
Turn   | Place    | Note
-------+----------+-------------------------------------------
     0 | D:1      | safid the Draconian Shapeshifter began the quest for the
                  | Orb.
     0 | D:1      | Reached XP level 1. HP: 16/16 MP: 1/1
   150 | D:1      | Reached XP level 2. HP: 15/23 MP: 2/2
   755 | D:1      | Reached XP level 3. HP: 28/28 MP: 3/3
  1652 | D:3      | Found Ydyphew's Distillery.
  1662 | D:3      | Bought a potion of curing for 39 gold pieces
  1662 | D:3      | Bought a potion of heal wounds for 65 gold pieces
  1662 | D:3      | Bought a potion of degeneration for 13 gold pieces
  1700 | D:3      | Reached XP level 4. HP: 28/35 MP: 4/4
  1783 | D:3      | Reached skill level 4 in Unarmed Combat
  1930 | D:3      | Got the Tome of the Volcano and the Inferno
  1997 | D:3      | Found Zoigen's Jewellery Boutique.
  2046 | D:3      | Found Daappou's General Store.
  2058 | D:3      | Found Becothih's Antique Armour Shoppe.
  2223 | D:3      | Found Qyutae's Distillery.
  2278 | D:4      | Noticed a scorpion
  2291 | D:4      | Killed a scorpion
  2292 | D:4      | Reached XP level 5. HP: 41/41 MP: 5/5
  2475 | D:4      | Reached skill level 5 in Unarmed Combat
  2682 | D:4      | Reached XP level 6. HP: 48/48 MP: 6/6
  2722 | D:4      | Noticed a water moccasin
  2730 | D:4      | Killed a water moccasin
  3128 | D:5      | Entered Level 5 of the Dungeon
  3132 | D:5      | Reached skill level 6 in Unarmed Combat
  3152 | D:5      | Your scales start taking on a fiery red colour.
  3152 | D:5      | Reached XP level 7. HP: 46/55 MP: 7/7
  3152 | D:5      | Gained mutation: Your flesh is heat resistant. (rF+) [Red
                  | Draconian growth]
  3155 | D:5      | Found a burning altar of Makhleb.
  3286 | D:5      | Reached skill level 5 in Shapeshifting
  3352 | D:5      | Reached skill level 7 in Unarmed Combat
  3712 | D:5      | Found a staircase to the Ecumenical Temple.
  3726 | Temple   | Entered the Ecumenical Temple
  3740 | Temple   | Became a worshipper of Ru the Awakened
  3770 | D:5      | Noticed Menkaure
  3776 | D:5      | Killed Menkaure
  4117 | D:5      | Reached XP level 8. HP: 60/62 MP: 8/8
  4279 | D:5      | Reached skill level 8 in Unarmed Combat
  4755 | D:3      | Bought a potion of heal wounds for 60 gold pieces
  4755 | D:3      | Bought a potion of curing for 36 gold pieces
  5120 | D:6      | Reached skill level 9 in Unarmed Combat
  5122 | D:6      | Gained mutation: Your magical capacity is low. (-10% MP)
                  | [Ru sacrifice]
  5193 | D:6      | Identified the ring of Sijetig {Fly rElec rF++ rCorr
                  | Stlth-}
  5360 | D:6      | Noticed a boulder beetle
  5374 | D:6      | Slain by an unseen horror

Illustrated notes

Levels and vault maps discovered:
D:1:      nzn_arrival_water_spiral, layout_basic
D:2:      layout_loops_ring
D:3:      layout_loops_ring, serial_shops, nicolae_shop_just_a_little_nook,
          nicolae_shop_hallway_plus, nicolae_shop_waterfront,
          nicolae_shop_waterfront, shop, grunt_ministairs_5
D:4:      layout_loops_ring
D:5:      layout_loops_corners, mainiacjoe_overflow_small_starburst,
          minmay_temple_entry_grid, kennysheep_small_spiral, uniq_menkaure
D:6:      kennysheep_windowed_halls, layout_gridville,
          chequers_serial_rivers_room_b, corexii_item_surrounded_by_moat,
          st_stairs_8, minivault_10
Temple:   eino_temple_water

Skill      XL: |  1  2  3  4  5  6  7  8 |
---------------+-------------------------+-----
Dodging        | 2 |  2.0
Shapeshifting  | 4 5 6 |  6.3
Unarmed Combat | 4 5 6 7 9 |  9.4
Fighting       | 2 3 |  3.5

Action                     |  1- 3 |  4- 6 |  7- 9 || total
---------------------------+-------+-------+-------++-------
  Melee: Unarmed           |   114 |   106 |   118 ||   338
         Tailslap          |     9 |    11 |    19 ||    39
         Punch             |     1 |     4 |     3 ||     8
 Invoke: Sacrifice Essence |       |       |     1 ||     1
  Evoke: Wand              |       |     1 |       ||     1
    Use: Potion            |     1 |       |     3 ||     4
         Scroll            |       |       |     7 ||     7
   Stab: Sleeping          |     3 |       |       ||     3
         Distracted        |       |       |     1 ||     1
 Armour: Skin              |    66 |    53 |   100 ||   219
  Dodge: Dodged            |    74 |    50 |    63 ||   187
